 Dungeon Crawl Stone Soup version 0.31-a0-1522-g43313d8a59 (webtiles) character file.

Game seed: 3365806376373373228

12 AstroCodex24 the Covered (level 2, 0/25 HPs)
             Began as a Demigod Fighter on Dec 31, 2023.
             Slain by a hobgoblin
             ... wielding a +0 whip
              (7 damage)
             ... on level 3 of the Dungeon.
             The game lasted 00:01:54 (519 turns).

AstroCodex24 the Covered (Demigod Fighter)           Turns: 519, Time: 00:01:56

Health: 0/25       AC:  6    Str: 17    XL:     2   Next: 9%
Magic:  4/4        EV:  5    Int: 10    God:
Gold:   23         SH:  0    Dex: 13    Spells: 1/1 levels left

rFire   . . .        a - +0 war axe
rCold   . . .        c - +0 buckler
rNeg    . . .        b - +0 scale mail
rPois   .            (no helmet)
rElec   .            (no cloak)
rCorr   .            (no gloves)
SInv    .            (no boots)
Will    .....        (no amulet) Stlth
                     (no ring)
HPRegen 0.24/turn    (no ring)
MPRegen 0.09/turn

%: no passive effects
@: held
A: high MP 1, forlorn, divine attributes
a: no special abilities


You were on level 3 of the Dungeon.
You visited 1 branch of the dungeon, and saw 3 of its levels.

You collected 23 gold pieces.

Inventory:

Hand Weapons
 a - a +0 war axe (weapon)
Armour
 b - a +0 scale mail (worn)
 c - a +0 buckler (worn)
Scrolls
 e - a scroll of fear {unknown}
 f - a scroll of identify {unknown}
 g - a scroll of vulnerability {unknown}
 h - a scroll of summoning {unknown}
Potions
 d - a potion of might


   Skills:
 + Level 2.7 Fighting
 + Level 2.0 Axes
 + Level 2.9 Armour
 + Level 2.9 Shields


You had one spell level left.
You didn't know any spells.
Your spell library contained the following spells:

 Spells                   Type           Power      Damage    Failure   Level
 Kiss of Death            Conj/Necr      0%         2d5       86%         1
 Confusing Touch          Hex            0%         N/A       99%         3
 Dispel Undead            Necr           0%         3d6       100%        4


Dungeon Overview and Level Annotations

Branches:
Dungeon (2/15)


Innate Abilities, Weirdness & Mutations

You have an increased reservoir of magic. (+10% MP)
You shall have no god before yourself.
Your divine heritage dramatically boosts your attributes as you level up.


Message History

The bat hits you but does no damage. The bat closely misses you.
The endoplasm freezes you.
You are frozen.
The bat hits you but does no damage.
You hit the endoplasm.
The endoplasm is moderately wounded.
You hit the bat.
You kill the bat!
You block the endoplasm's attack.
You hit the endoplasm.
You kill the endoplasm!
You block the hobgoblin's attack.
Your Axes skill increases to level 2!
Found a stone staircase leading up.
The hobgoblin completely misses you. You block the hobgoblin's attack.
Found a war axe.
A ribbon worm comes into view.
The hobgoblin attacks as it pursues you!
The hobgoblin hits you with a +0 whip.
The ribbon worm moves out of view.
The hobgoblin attacks as it pursues you!
The hobgoblin closely misses you.
You hit the hobgoblin.
The hobgoblin is almost dead.
The hobgoblin hits you with a +0 whip.
The ribbon worm expels a string of sticky webbing.
The stream of webbing hits you but does no damage.
You are caught in a web!
The web tears apart.
The hobgoblin hits you with a +0 whip.
The ribbon worm expels a string of sticky webbing.
The stream of webbing hits you but does no damage.
You are caught in a web!
The web tears apart.
You block the hobgoblin's attack.
You closely miss the hobgoblin.
The hobgoblin is almost dead.
The hobgoblin hits you with a +0 whip.
* * * LOW HITPOINT WARNING * * *
The ribbon worm expels a string of sticky webbing.
The stream of webbing hits you but does no damage.
You are caught in a web!
The hobgoblin hits you with a +0 whip!
You die...

...... .## ..... ..#
.)#. ..## ... ... w.
..##.# ..####.#..<#.##
............... ....
.#.###.@...# #...
.......g...# #
#.#.####.####..#..#.##
..... ...............
#....#.####....####.
#..$....# #.....$... ..
#..###.###.........
.#####........#.........
.........#.......#......


You could see a ribbon worm and a hobgoblin.

Vanquished Creatures
  A dart slug (D:3)
  An endoplasm (D:3)
  A hobgoblin (D:1)
  A quokka (D:3)
  A bat (D:3)
  2 kobolds (D:3)
  4 rats
11 creatures vanquished.

Notes
Turn   | Place    | Note
-------+----------+-------------------------------------------
     0 | D:1      | AstroCodex24 the Demigod Fighter began the quest for the
                  | Orb.
     0 | D:1      | Reached XP level 1. HP: 18/18 MP: 3/3
   241 | D:2      | You fall into a shaft and drop 1 floor!
   367 | D:3      | Reached XP level 2. HP: 21/25 MP: 4/4
   519 | D:3      | Slain by a hobgoblin

Illustrated notes

Levels and vault maps discovered:
D:1:      dpeg_arrival_three_same_balls, layout_basic
D:2:      layout_basic, hangedman_decor_clover_reticule, minmay_joined_circles
D:3:      layout_basic, portal_sewer_entry_e

Skill      XL: |  1  2 |
---------------+-------+-----
Axes           | 2 |  2.0
Fighting       | |  2.7
Armour         | |  2.9
Shields        | |  2.9

Action                     || total
---------------------------++-------
  Melee: War axe           ||    29
 Armour: Scale mail        ||    32
  Dodge: Dodged            ||    22
  Block: Buckler           ||    11

Table legend: (Time is in decaauts)
 A = Elapsed time spent in this place.
 B = Non-inter-level travel time spent in this place.
 C = Inter-level travel time spent in this place.
 D = Time resting spent in this place.
 E = Time spent auto-exploring this place.
 F = Levels seen in this place.
 G = Mean time per level.
                   A        B        C        D        E       F      G
               +--------+--------+--------+--------+--------+-----+--------+
         Total |    531 |    518 |     13 |      0 |      0 |   3 |  177.0 |
       Dungeon |    531 |    518 |     13 |      0 |      0 |   3 |  177.0 |
               +--------+--------+--------+--------+--------+-----+--------+

Top non-repeatable levels by time:
     D:3: 285 daAuts
     D:1: 183 daAuts
     D:2: 61 daAuts
